 Dungeon Crawl Stone Soup version 0.28.0-43-g3370ac3207 (webtiles) character file.

Game seed: 15197231626948981638

5743 Woods the Thaumaturge (level 10, -3/59 HPs)
             Began as a Deep Elf Air Elementalist on Mar 2, 2022.
             Was an Initiate of Yredelemnul.
             Killed from afar by a deep elf zephyrmancer (15 damage)
             ... with a bolt of lightning
             ... while paralysed by an orc sorcerer
             ... on level 9 of the Dungeon.
             The game lasted 00:24:28 (13711 turns).

Woods the Thaumaturge (Deep Elf Air Elementalist)  Turns: 13711, Time: 00:24:28

Health: -3/59      AC:  8    Str:  5    XL:     10   Next: 49%
Magic:  25/25      EV:  2    Int: 25    God:    Yredelemnul [......]
Gold:   257        SH:  0    Dex: 21    Spells: 14/27 levels left

rFire   + . .      SeeInvis .   (no weapon)
rCold   + . .      Faith    .   (no shield)
rNeg    . . .      Spirit   .   v - +2 robe {rC+ rF+}
rPois   .          Reflect  .   (no helmet)
rElec   .          Harm     .   u - scarf {repulsion}
rCorr   .          Rampage  .   i - +2 pair of gloves
Will    +....                   q - +0 pair of boots
Stlth   +++.......              (no amulet)
HPRegen 0.19/turn               p - +6 ring of dexterity
MPRegen 0.19/turn               J - +4 ring of evasion

@: paralysed, repel missiles
A: no striking features
a: Renounce Religion, Recall Undead Harvest


You were on level 9 of the Dungeon.
You worshipped Yredelemnul.
Yredelemnul was noncommittal.
You visited 2 branches of the dungeon, and saw 10 of its levels.
You also visited: Sewer.

You collected 392 gold pieces.
You spent 135 gold pieces at shops.

Inventory:

Missiles
 m - 2 throwing nets
Armour
 i - a +2 pair of gloves (worn)
 q - a +0 pair of boots (worn)
 u - a scarf of repulsion (worn)
 v - a +2 robe of resistance (worn)
Jewellery
 p - a +6 ring of dexterity (left hand)
 t - a ring of flight
 G - a +4 ring of slaying
 I - a ring of protection from fire
 J - a +4 ring of evasion (right hand)
Wands
 r - a wand of iceblast (11)
 s - a wand of paralysis (11)
 C - a wand of mindburst (18)
Scrolls
 b - 2 scrolls of identify
 c - 5 scrolls of fear
 e - 5 scrolls of vulnerability
 h - 3 scrolls of enchant armour {unknown}
 k - 2 scrolls of blinking {unknown}
 l - a scroll of noise {unknown}
 n - a scroll of acquirement {unknown}
 o - 4 scrolls of teleportation
 y - 4 scrolls of amnesia
 B - a scroll of magic mapping {unknown}
 D - a scroll of silence {unknown}
 E - 2 scrolls of immolation {unknown}
Potions
 a - 2 potions of invisibility {unknown}
 d - 6 potions of heal wounds
 f - 4 potions of attraction
 g - 3 potions of flight {unknown}
 j - 2 potions of haste {unknown}
 w - 4 potions of mutation
 x - a potion of magic {unknown}
 z - 3 potions of cancellation {unknown}
 A - a potion of resistance {unknown}
 F - 2 potions of berserk rage {unknown}
 H - a potion of might {unknown}


   Skills:
 - Level 5.0 Fighting
 - Level 5.0 Dodging
 - Level 5.0 Stealth
 - Level 9.0 Spellcasting
 - Level 7.0 Conjurations
 - Level 4.0 Summonings
 + Level 8.9 Air Magic
 - Level 5.0 Invocations


You had 14 spell levels left.
You knew the following spells:

 Your Spells              Type           Power      Damage    Failure   Level
a - Shock                 Conj/Air       100%       1d9       1%          1
b - Static Discharge      Conj/Air       50%        N/A       1%          2
c - Swiftness             Air            54%        N/A       1%          3
d - Airstrike             Air            27%        N/A       1%          4
e - Summon Guardian Gole  Hex/Summ       21%        N/A       7%          3

Your spell library contained the following spells:

 Spells                   Type           Power      Damage    Failure   Level
 Magic Dart               Conj           100%       1d8       1%          1
 Summon Small Mammal      Summ           100%       N/A       1%          1
 Searing Ray              Conj           92%        2d7       1%          2
 Call Canine Familiar     Summ           31%        N/A       3%          3
 Animate Skeleton         Necr           22%        N/A       5%          1
 Apportation              Tloc           22%        N/A       5%          1
 Fulminant Prism          Conj/Hex       14%        3d9       13%         4


Dungeon Overview and Level Annotations

Branches:
Dungeon (9/15)             Temple (1/1) D:7            Lair (0/6) D:8
  Sewer (visited)
    Orc: D:9-12

Altars:
Ashenzari
Cheibriados
Dithmenos
Elyvilon
Fedhas
Gozag
Hepliaklqana
Kikubaaqudgha
Makhleb
Nemelex Xobeh
Okawaru
Qazlal
Ru
Sif Muna
Trog
Uskayaw
Wu Jian
Xom
Yredelemnul
Zin
The Shining One

Shops:
D:3 (   D:4 *   D:9 *

Annotations:
D:4 2 runed translucent doors, smarlow's ghost, novice MiFi
D:5 3 runed translucent doors, WaxSun's ghost, amateur DgEE


Message History

A cyclops comes into view.
You see here a +0 ring mail.
As you read the scroll of fear, it crumbles to dust.
You assume a fearsome visage.
The manticore looks frightened!
The centaur warrior looks frightened!
The two-headed ogre looks frightened!
The cyclops resists with some effort.
As you read the scroll of teleportation, it crumbles to dust.
You feel strangely unstable. The cyclops hits you!!
The manticore bites your yak zombie!! The manticore claws your yak zombie. x2
Your yak zombie gores the manticore but does no damage.
The cyclops throws a large rock.
The large rock misses you.
The manticore bites something!
The manticore claws something. x2
Something gores the manticore.
There is an open door here.
Your surroundings suddenly seem different.
A deep elf zephyrmancer, an orc sorcerer and 5 yaks come into view.
The yak bellows! x4; The deep elf zephyrmancer shouts!
You hear a bellow!
You hear a shout!
You hear a bellow!
The deep elf zephyrmancer mumbles some strange words.
The deep elf zephyrmancer blinks!
The yak closely misses you.
The deep elf zephyrmancer moves out of view.
You hear a bellow!
You hear a roar! 3 yaks come into view.
Found 10 arrows.
A deep elf zephyrmancer comes into view.
It is wielding a +0 rapier.
The orc sorcerer casts a spell at you.
You suddenly lose the ability to move!
The yak bellows!
The yak gores you.
You hear a bellow!
You hear a shout!
You hear a shout! x3
An acid dragon comes into view.
You hear a shout!
The acid dragon roars!
The yak gores you! x2
* * * LOW HITPOINT WARNING * * *
The orc sorcerer shouts repeatedly.
The deep elf zephyrmancer gestures at you while chanting.
The bolt of lightning hits you!
You die...
Your body rises from the dead as a mindless zombie.

#..# #'###
#'# #.####
#..# #....#
. #.#
#..###..
#..## . #.#
.. #...# ..
#.# ..
#...# #. .#
.(D'
##.##YY#
#.##.YY#eY#
#....Y.##@#
#...YYoY.#
####'#####
.. #. #


You could see a deep elf zephyrmancer, 6 yaks, an orc sorcerer and an acid
dragon.

Vanquished Creatures
  A two-headed ogre (D:8)
  A slime creature (D:9)
  Sigmund (D:5)
  A wyvern (D:9)
  5 yaks
  Eustachio (D:6)
  Duvessa (D:5)
  5 water moccasins
  4 black bears
  A hornet zombie (D:7)
  2 necrophages
  2 ogres
  3 centaurs
  A kobold brigand (D:7)
  5 bullfrogs
  2 scorpions
  Dowan (D:5)
  A killer bee (D:9)
  2 electric eels (D:7)
  2 bullfrog zombies
  5 jellies
  A centaur zombie (D:9)
  An orc priest (D:5)
  5 hounds
  2 iguanas
  An orc wizard (D:5)
  2 scorpion zombies (D:5)
  A hound skeleton (D:4)
  A howler monkey zombie (D:8)
  3 gnolls (D:6)
  A river rat (Sewer)
  9 adders
  A shadow imp (D:6)
  A white imp (D:7)
  A howler monkey simulacrum (D:9)
  An ufetubus (D:4)
  An adder skeleton (D:4)
  3 dart slugs
  2 worms (D:6)
  18 orcs
  6 ball pythons
  12 endoplasms
  7 giant cockroaches
  4 goblins
  7 hobgoblins
  6 quokkas
  5 bats (D:1)
  7 frilled lizards
  14 kobolds
  8 rats
178 creatures vanquished.

Vanquished Creatures (collateral kills)
  A wyvern (D:8)
  2 yaks (D:9)
3 creatures vanquished.

Vanquished Creatures (others)
  A yak (D:6)
  A yak zombie (D:9)
  34 fungi (D:8)
  39 plants
75 creatures vanquished.

Grand Total: 256 creatures vanquished

Notes
Turn   | Place    | Note
-------+----------+-------------------------------------------
     0 | D:1      | Woods the Deep Elf Air Elementalist began the quest for the
                  | Orb.
     0 | D:1      | Reached XP level 1. HP: 10/10 MP: 6/6
   337 | D:1      | Reached XP level 2. HP: 13/15 MP: 5/8
   369 | D:1      | Learned a level 2 spell: Static Discharge
   495 | D:1      | Found a faded altar of an unknown god.
  1129 | D:2      | Found a shimmering altar of Xom.
  1221 | D:2      | Reached XP level 3. HP: 13/19 MP: 2/10
  1633 | D:2      | Learned a level 3 spell: Swiftness
  2007 | D:2      | Reached skill level 4 in Spellcasting
  2277 | D:3      | You fall into a shaft and drop 2 floors!
  2277 | D:5      | Entered Level 5 of the Dungeon
  2308 | D:4      | Reached XP level 4. HP: 8/24 MP: 1/12
  2546 | D:4      | Found a large runed translucent door.
  2547 | D:4      | Found a large runed translucent door.
  2629 | D:3      | Found Duha's Weapon Emporium.
  2846 | D:3      | Learned a level 4 spell: Airstrike
  3180 | D:3      | Reached XP level 5. HP: 25/28 MP: 3/14
  3661 | D:4      | Found Tenoveff's Assorted Antiques.
  3684 | D:4      | Reached skill level 5 in Spellcasting
  3784 | D:4      | Noticed smarlow's ghost (novice MiFi)
  3962 | D:4      | Noticed an ogre
  3990 | D:4      | Noticed a necrophage
  4221 | D:4      | Killed a necrophage
  4222 | D:4      | Reached XP level 6. HP: 28/32 MP: 4/16
  4474 | D:4      | Learned a level 3 spell: Summon Guardian Golem
  4653 | D:5      | Noticed Sigmund
  4666 | D:5      | Killed Sigmund
  4667 | D:5      | Reached skill level 6 in Spellcasting
  4667 | D:5      | Reached skill level 1 in Summonings
  4667 | D:5      | Reached skill level 5 in Air Magic
  4667 | D:5      | Reached XP level 7. HP: 10/36 MP: 3/18
  4910 | D:5      | Noticed Duvessa
  4914 | D:5      | Noticed Dowan
  5046 | D:5      | Reached skill level 5 in Conjurations
  5130 | D:5      | Killed Duvessa
  6068 | D:5      | Reached XP level 8. HP: 30/41 MP: 1/19
  6634 | D:5      | Killed Dowan
  6669 | D:5      | Reached skill level 1 in Fighting
  6948 | D:5      | Found a runed translucent gate.
  6948 | D:5      | Found a runed translucent gate.
  6948 | D:5      | Noticed WaxSun's ghost (amateur DgEE)
  6950 | D:5      | Found a runed translucent gate.
  7141 | D:6      | Noticed Eustachio
  7203 | D:6      | Reached skill level 7 in Spellcasting
  7411 | D:6      | Found a glowing drain.
  7417 | Sewer    | Entered a sewer
  7707 | Sewer    | Reached skill level 5 in Dodging
  7730 | Sewer    | Found a shimmering altar of Xom.
  7899 | D:6      | Reached XP level 9. HP: 50/50 MP: 12/21
  8487 | D:6      | Killed Eustachio
  9193 | D:7      | Reached skill level 5 in Fighting
  9301 | D:7      | Found a staircase to the Ecumenical Temple.
  9361 | Temple   | Entered the Ecumenical Temple
  9764 | Temple   | Became a worshipper of Yredelemnul the Dark
  9995 | D:7      | Reached skill level 1 in Invocations
 10766 | D:8      | Noticed a two-headed ogre
 10771 | D:8      | Killed a two-headed ogre
 10772 | D:8      | Reached skill level 8 in Spellcasting
 11225 | D:8      | Reached skill level 5 in Stealth
 11346 | D:8      | Reached XP level 10. HP: 20/59 MP: 15/24
 11359 | D:8      | Reached * piety under Yredelemnul
 11522 | D:8      | Reached ** piety under Yredelemnul
 11621 | D:8      | Reached skill level 9 in Spellcasting
 12040 | D:8      | Reached skill level 5 in Invocations
 12069 | D:8      | Identified the +0 leather armour of Pride {rElec rPois
                  | rCorr Int-4}
 12136 | D:8      | Found a staircase to the Lair.
 13058 | D:9      | Found Oxirit's Assorted Antiques.
 13067 | D:9      | Bought a potion of heal wounds for 135 gold pieces
 13074 | D:9      | Noticed a two-headed ogre
 13300 | D:9      | Reached *** piety under Yredelemnul
 13675 | D:9      | Reached **** piety under Yredelemnul
 13697 | D:9      | Noticed a manticore
 13697 | D:9      | Noticed a centaur warrior
 13700 | D:9      | Noticed a cyclops
 13705 | D:9      | Noticed a deep elf zephyrmancer
 13705 | D:9      | Noticed an orc sorcerer
 13707 | D:9      | Noticed a deep elf zephyrmancer
 13707 | D:9      | Paralysed by an orc sorcerer for 6 turns
 13711 | D:9      | Killed from afar by a deep elf zephyrmancer

Illustrated notes

Levels and vault maps discovered:
D:1:      psy_arrival_wood_between_worlds, layout_basic, basic_ecumenical_altar
D:2:      layout_basic, basic_altar, chequers_serial_rivers_micro_b,
          minmay_misc_feat_secret_circle
D:3:      layout_basic, serial_shops, nicolae_shop_statue_plus
D:4:      layout_basic, serial_shops, nicolae_shop_overgrown_old_shop,
          ebering_ghost_disaster_area
D:5:      layout_rooms, gammafunk_ghost_nasty_kobolds, uniq_sigmund,
          uniq_duvessa
D:6:      layout_basic, gup_sewer_entry_spiral, uniq_eustachio
D:7:      layout_gridville, minmay_temple_entry_gardened_gates,
          serial_bayou_lagoon_a
D:8:      layout_rooms, due_lair_maze_entry_diamond, serial_rivers,
          chequers_serial_rivers_micro_d, chequers_serial_rivers_room_b,
          chequers_serial_rivers_micro_e, chequers_serial_rivers_micro_c
D:9:      minmay_the_grid_4x2 [minmay_the_grid_paths,
          minmay_the_grid_diamond_grid, minmay_the_grid_tri_star,
          minmay_the_grid_empty, minmay_the_grid_expand, minmay_the_grid_empty,
          minmay_the_grid_holed_spiral,
          minmay_the_grid_prize_four_corners_diamond_a], layout_basic,
          serial_shops, shop, enter_bailey_5, uniq_pikel
Temple:   mainiacjoe_temple_trianglar_array

Skill      XL: |  1  2  3  4  5  6  7  8  9 10 |
---------------+-------------------------------+-----
Conjurations   | 2 3 4 5 6 7 |  7.0
Spellcasting   | 4 5 6 7 8 9 |  9.0
Air Magic      | 4 5 6 7 8 |  8.9
Summonings     | 1 3 4 |  4.0
Fighting       | 3 5 |  5.0
Dodging        | 5 |  5.0
Stealth        | 5 |  5.0
Invocations    | 3 5 |  5.0

Action                   |  1- 3 |  4- 6 |  7- 9 | 10-12 || total
-------------------------+-------+-------+-------+-------++-------
Melee: Unarmed           |     1 |     1 |     2 |     6 ||    10
 Cast: Shock             |    66 |    60 |   115 |     5 ||   246
       Static Discharge  |     5 |    20 |    45 |     3 ||    73
       Swiftness         |     1 |     1 |     4 |     3 ||     9
       Airstrike         |       |     4 |    54 |    39 ||    97
       Summon Guardian G |       |       |     2 |       ||     2
Invok: Recall Undead Har |       |       |       |     2 ||     2
  Use: Scroll            |       |       |     7 |     2 ||     9
Armor: Robe              |     3 |     7 |    14 |     4 ||    28
Dodge: Dodged            |    15 |    15 |    28 |    23 ||    81
